cohdb
Replays
Latest Replays
All Replays
Popular Replays
Top Player Replays
Match Explorer
How It Works
Community
CoH3 Stats
Reddit
Sign in to upload your games and track your stats! →
Sign in with Steam
Match 25495412
Unlisted
Match 25495412
Overview
Messages
Build Orders
End
Kettenkrad Recon Vehicle
Construct Infanterie Kompanie
Selects Luftwaffe Battlegroup
Selects Luftwaffe Pioneer Support
MG 42 Machine Gun Team
GrW 34 Mortar Team
Construct Panzergrenadier Kompanie
Selects LG40 Recoilless Gun Paradrop
Panzergrenadier Squad
Medical Station
Panzergrenadier Squad
Panzergrenadier Squad
Construct Panzer Kompanie
Pak 40 Anti-tank Gun Team
Panzergrenadier Officer Quarters
Sturmpanzer IV Brummbär
Selects Infantry Reserves
Pioneer Squad
Panzer Officer Quarters
DIV 250 BigBoss
^3
Rangers
{Eliote Le Pilote}
0
0
Comments
sign in to comment!
No comments posted yet!